 Dungeon Crawl Stone Soup version 0.22-a0-480-g991dd4b (webtiles) character file.

28 Laiders72 the Cudgeler (level 2, -2/27 HPs)
             Began as a Minotaur Berserker on June 16, 2018.
             Was a Follower of Trog.
             Slain by a gnoll
             ... wielding a +2 spear of freezing
              (4 damage)
             ... on level 2 of the Dungeon.
             The game lasted 00:01:15 (810 turns).

Laiders72 the Cudgeler (Minotaur Berserker)          Turns: 810, Time: 00:01:16

Health: -2/27      AC:  2    Str: 21    XL:     2   Next: 96%
Magic:  1/1        EV: 12    Int:  4    God:    Trog [*.....]
Gold:   37         SH:  0    Dex:  9    Spells: 1/1 levels left

rFire    . . .     SeeInvis .   a - +0 mace
rCold    . . .     Gourm    .   (no shield)
rNeg     . . .     Faith    .   b - +0 animal skin
rPois    .         Spirit   .   (helmet restricted)
rElec    .         Reflect  .   (no cloak)
rCorr    .         Harm     .   (no gloves)
MR       .....                  (no boots)
Stlth    +.........             (no amulet)
HPRegen  0.09/turn              (no ring)
MPRegen  0.07/turn              (no ring)

@: no status effects
A: retaliatory headbutt, horns 2
a: Berserk, Renounce Religion


You were on level 2 of the Dungeon.
You worshipped Trog.
Trog was aware of your devotion.
You were not hungry.

You visited 1 branch of the dungeon, and saw 2 of its levels.

You collected 37 gold pieces.

Inventory:

Hand Weapons
 a - a +0 mace (weapon)
Armour
 b - a +0 animal skin (worn)
Scrolls
 e - a scroll of fog {unknown}
 f - a scroll of fear {unknown}
 g - a scroll of noise {unknown}
 h - 3 scrolls of identify {unknown}
 i - a scroll of amnesia {unknown}
 j - a scroll of remove curse {unknown}
Potions
 d - a potion of haste {unknown}
Comestibles
 c - 3 rations


   Skills:
 * Level 4.1 Fighting
 * Level 4.1 Maces & Flails
 + Level 2.8 Armour
 + Level 2.5 Dodging


You had one spell level left.
You didn't know any spells.
Your spell library was empty.

Dungeon Overview and Level Annotations

Branches:
Dungeon (2/15)

Altars:


Innate Abilities, Weirdness & Mutations

You reflexively headbutt those who attack you in melee.
You have a pair of horns on your head.


Message History

The gnoll shouts!
There is a stone staircase leading up here.
The gnoll shouts!
You hit the gnoll but do no damage. Your headbutt misses the gnoll.
The gnoll hits you with a spear of freezing!
The gnoll freezes you. The gnoll hits you with a whip!
The gnoll barely misses you.
You hit the gnoll.
The gnoll is heavily wounded.
The gnoll misses you.
The gnoll hits you with a spear of freezing.
* * * LOW HITPOINT WARNING * * *
The gnoll freezes you.
* * * LOW HITPOINT WARNING * * *
The gnoll hits you but does no damage. The gnoll hits you with a whip.
* * * LOW HITPOINT WARNING * * *
The gnoll closely misses you.
The gnoll hits you with a spear of freezing.
You die...

### ...
#.# #.#
#.# #g#
#.##.####
#@g......
#g###....
#.# . #.#
#.# #.#
#.# #..


You could see 3 gnolls.

Vanquished Creatures
  2 dart slugs (D:1)
  2 bats (D:1)
  3 giant cockroaches (D:1)
  3 goblins (D:1)
  4 hobgoblins (D:1)
  2 kobolds (D:1)
  A ball python (D:1)
  2 frilled lizards (D:1)
  4 rats (D:1)
23 creatures vanquished.

Notes
Turn   | Place    | Note
-------+----------+-------------------------------------------
     0 | D:1      | Laiders72 the Minotaur Berserker began the quest for the Orb.
     0 | D:1      | Reached XP level 1. HP: 19/19 MP: 0/0
   170 | D:1      | Reached XP level 2. HP: 26/27 MP: 1/1
   810 | D:2      | Slain by a gnoll

Vault maps used:
D:1:      nzn_arrival_crosshair
D:2:      uniq_jessica

Skill      XL: |  1  2 |
---------------+-------+-----
Fighting       | 4 |  4.1
Maces & Flails | 4 |  4.1
Armour         | |  2.8
Dodging        | |  2.5

Action                   || total
-------------------------++-------
Melee: Mace              ||    48
       Headbutt          ||     4
 Stab: Sleeping          ||     2
Armor: Animal skin       ||    10
Dodge: Dodged            ||    30

Table legend:
 A = Spawn XP
 B = Non-spawn XP
 C = Spawn XP percentage of total XP
 D = Spawn monster count
 E = Non-spawn monster count
 F = Spawn count percentage of total count
 G = Total turns spent on level
                    A         B        C        D         E        F      G
               +---------+---------+-------+---------+---------+-------+---------
         Total |       0 |      40 |   0.0 |       0 |      23 |   0.0 |   810
               +---------+---------+-------+---------+---------+-------+---------
           D:1 |       0 |      40 |   0.0 |       0 |      23 |   0.0 |   807
               +---------+---------+-------+---------+---------+-------+---------
